 Dungeon Crawl Stone Soup version 0.29.1-13-g9f3cf754e1 (webtiles) character file.

Game seed: 718824850462919958

88 raph the Grave Robber (level 4, -3/27 HPs)
             Began as a Demonspawn Necromancer on Feb 8, 2023.
             Was an Initiate of Hepliaklqana.
             Slain by Grinder (4 damage)
             ... on level 2 of the Dungeon.
             The game lasted 00:06:19 (3378 turns).

raph the Grave Robber (Demonspawn Necromancer)      Turns: 3378, Time: 00:06:20

Health: -3/27      AC:  5    Str:  8    XL:     4   Next: 30%
Magic:  7/7        EV: 16    Int: 19    God:    Hepliaklqana [......]
Gold:   177        SH:  0    Dex: 13    Spells: 3/7 levels left

rFire   + . .      SeeInvis .   k - +0 rapier (freeze)
rCold   . . .      Faith    .   (no shield)
rNeg    + . .      Spirit   .   a - +0 robe
rPois   .          Reflect  .   (no helmet)
rElec   .          Harm     .   (no cloak)
rCorr   .          Rampage  .   (no gloves)
Will    .....                   u - +2 pair of boots
Stlth   ++........              (no amulet)
HPRegen 0.09/turn               e - ring of positive energy
MPRegen 0.10/turn               h - +4 ring of evasion

@: no status effects
A: claws 1, fire resistance 1, frail 1
a: Renounce Religion


You were on level 2 of the Dungeon.
You worshipped Hepliaklqana.
Hepliaklqana was noncommittal.
You visited 1 branch of the dungeon, and saw 3 of its levels.

You collected 177 gold pieces.

Inventory:

Hand Weapons
 g - a +0 short sword
 k - a +0 rapier of freezing (weapon)
Missiles
 c - 5 boomerangs
Armour
 a - a +0 robe (worn)
 u - a +2 pair of boots (worn)
Jewellery
 e - a ring of positive energy (left claw)
 h - a +4 ring of evasion (right claw)
 j - a ring of fire
Scrolls
 d - a scroll of identify
 o - a scroll of amnesia
Potions
 b - a potion of magic
 l - a potion of flight
 m - a potion of brilliance
 n - a potion of invisibility
 p - a potion of curing
 q - a potion of degeneration


   Skills:
 + Level 0.1 Fighting
 + Level 0.0 Short Blades
 + Level 1.9 Dodging
 - Level 1.9 Stealth
 + Level 2.1 Spellcasting
 * Level 6.1 Necromancy


You had 3 spell levels left.
You knew the following spells:

 Your Spells              Type           Power      Damage    Failure   Level
a - Necrotise             Necr           100%       1d9       1%          1
b - Vampiric Draining     Necr           25%        2d7       4%          3

Your spell library contained the following spells:

 Spells                   Type           Power      Damage    Failure   Level
 Conjure Flame            Conj/Fire      2%         6-21      45%         3
 Ignite Poison            Fire/Tmut/Pois 2%         N/A       45%         3
 Animate Dead             Necr           25%        N/A       13%         4
 Agony                    Necr           25%        N/A       36%         5
 Sticky Flame             Conj/Fire      2%         2d3       86%         4


Dungeon Overview and Level Annotations

Branches:
Dungeon (3/15)

Altars:
Hepliaklqana
Makhleb
Xom

Annotations:
D:2 Grinder


Innate Abilities, Weirdness & Mutations

You have sharp fingernails.
Your flesh is heat resistant. (rF+)
You are frail. (-10% HP)


Message History

There's nothing to close nearby.
Aiming: Necrotise (safe; 1% risk of failure)
Press: ? - help, Q - select action, (/) - cycle Shift-Dir - straight line, f - you
Okay, then.
Throw: 5 boomerangs
Press: ? - help, Shift-Dir - straight line, f - Grinder
Aim: Grinder (52% to hit)
You throw a boomerang. The boomerang closely misses Grinder.
Grinder gestures at you.
You suddenly lose the ability to move!
You can move again.
Grinder hits you.
You writhe in agony.
You climb upwards.
There is a stone staircase leading down here.
You closely miss Grinder. Grinder closely misses you. Grinder hits you.
You closely miss Grinder. Grinder hits you.
You writhe in agony.
Grinder hits you.
You writhe in agony.
* * * LOW HITPOINT WARNING * * *
Grinder attacks as you move away! Grinder misses you. Grinder gestures at you.
You suddenly lose the ability to move!
You can move again.
Grinder attacks as you move away! Grinder barely misses you.
There is an escape hatch in the ceiling here.
Grinder says, "Mostly I couldn't keep them alive."
Grinder hits you but does no damage. Grinder misses you.
Grinder attacks as you move away! Grinder misses you.
Grinder attacks as you move away! Grinder hits you!
* * * LOW HITPOINT WARNING * * *
There is a stone staircase leading down here.
Okay, then.
Okay, then.
It was a potion of mutation.
You feel extremely strange.
You feel frail.
You feel resistant to heat. Grinder barely misses you.
You hit Grinder.
Grinder is lightly wounded.
Grinder hits you.
You die...

#<..............#...#
#.#.#.##..#..#....#.#
#########
#.#.#............##.#
....[...##
#.#.####..##.#.#.##.##
######...# #.#.#
#..##.#.#.##..#
###...###.#.#
#>........###.#
#.......#.#.# #..##...###
#.#
#.........#.####.###.###
#.# ## #............@.#.#
#.# #.#
>###.#...#.###.##5#.###.#
#.# ..(..#.....#
#.##....##.# #####.#
.#########.# #.##.....#.#
#.....# ...........#
#....<.....# #.#####
##########.#
####.....#.###.# #:#
#........>..# #.#
#.#.###.##### #.# #.###
#.#


You could see Grinder.

Vanquished Creatures
  2 adders
  A worm (D:3)
  A dart slug (D:2)
  3 orcs (D:3)
  7 bats
  9 endoplasms
  3 giant cockroaches
  A goblin (D:2)
  6 jackals
  2 quokkas
  3 ball pythons
  7 frilled lizards
  5 kobolds
  6 rats
56 creatures vanquished.

Vanquished Creatures (collateral kills)
  An orc (D:3)
  A kobold (D:1)
  A rat (D:1)
3 creatures vanquished.

Grand Total: 59 creatures vanquished

Notes
Turn   | Place    | Note
-------+----------+-------------------------------------------
     0 | D:1      | raph the Demonspawn Necromancer began the quest for the
                  | Orb.
     0 | D:1      | Reached XP level 1. HP: 13/13 MP: 3/3
   374 | D:1      | Gained mutation: You have sharp fingernails. [demonic
                  | ancestry]
   374 | D:1      | Reached XP level 2. HP: 17/19 MP: 0/5
   861 | D:1      | Reached skill level 5 in Necromancy
  1329 | D:2      | Reached XP level 3. HP: 14/24 MP: 1/6
  1333 | D:2      | Learned a level 3 spell: Vampiric Draining
  1810 | D:2      | Found a hazy altar of Hepliaklqana.
  1821 | D:2      | Became a worshipper of Hepliaklqana the Forgotten
  2722 | D:3      | Found a shimmering altar of Xom.
  2736 | D:3      | Reached skill level 6 in Necromancy
  2736 | D:3      | Reached XP level 4. HP: 30/30 MP: 3/7
  3017 | D:3      | Noticed Grinder
  3018 | D:3      | Found a burning altar of Makhleb.
  3022 | D:3      | Paralysed by Grinder for 5 turns
  3027 | D:3      | Noticed an angel
  3028 | D:3      | Noticed a cacodemon
  3360 | D:3      | Paralysed by Grinder for 3 turns
  3369 | D:2      | Paralysed by Grinder for 2 turns
  3376 | D:2      | HP: 1/30 [Grinder (9)]
  3377 | D:2      | Gained mutation: You are frail. (-10% HP) [potion of
                  | mutation]
  3377 | D:2      | Gained mutation: Your flesh is heat resistant. (rF+)
                  | [potion of mutation]
  3378 | D:2      | Slain by Grinder

Illustrated notes

Levels and vault maps discovered:
D:1:      giann_forest_graveyard, layout_loops_cross
D:2:      layout_loops_ring, basic_altar
D:3:      layout_rooms, nicolae_overflow_squiral,
          grunt_temple_overflow_order_and_chaos_2, uniq_grinder

Skill      XL: |  1  2  3 |
---------------+----------+-----
Necromancy     | 5 6 |  6.1
Fighting       | |  0.1
Dodging        | |  1.9
Stealth        | |  1.9
Spellcasting   | |  2.1

Action                   |  1- 3 |  4- 6 || total
-------------------------+-------+-------++-------
Melee: Short sword       |     8 |       ||     8
       Rapier            |    22 |     9 ||    31
       Punch             |     1 |       ||     1
Throw: Boomerang         |       |     2 ||     2
 Cast: Necrotise         |    82 |    10 ||    92
       Vampiric Draining |     1 |       ||     1
  Use: Scroll            |    11 |       ||    11
       Potion            |       |     1 ||     1
 Stab: Sleeping          |     1 |       ||     1
Armor: Robe              |     9 |     5 ||    14
Dodge: Dodged            |    46 |    19 ||    65
